 Dungeon Crawl Stone Soup version 0.27-a0-1565-gad902ab807 (webtiles) character file.

Game seed: 6966944507366145246

923 Demosthentine the Poker (level 8, -5/62 HPs)
             Began as a Merfolk Gladiator on July 17, 2021.
             Slain by an orc warrior (11 damage)
             ... on level 4 of the Dungeon.
             The game lasted 00:03:24 (3170 turns).

Demosthentine the Poker (Merfolk Gladiator)         Turns: 3170, Time: 00:03:25

Health: -5/62      AC:  5    Str: 16    XL:     8   Next: 10%
Magic:  8/8        EV: 15    Int:  7    God:
Gold:   231        SH:  0    Dex: 16    Spells: 7/7 levels left

rFire    . . .     SeeInvis .   a - +1 trident
rCold    . . .     Faith    .   (no shield)
rNeg     . . .     Spirit   .   b - +0 leather armour
rPois    .         Reflect  .   c - +1 helmet
rElec    .         Harm     .   (no cloak)
rCorr    .         Rampage  .   (no gloves)
Will     .....                  (no boots)
Stlth    +.........             o - amulet of regeneration
HPRegen  1.20/turn              (no ring)
MPRegen  0.11/turn              (no ring)

@: no status effects
A: (nimble swimmer 2), mertail
a: no special abilities


You were on level 4 of the Dungeon.
You visited 1 branch of the dungeon, and saw 4 of its levels.

You collected 231 gold pieces.

Inventory:

Hand Weapons
 a - a +1 trident (weapon)
Missiles
 d - a throwing net (quivered)
Armour
 b - a +0 leather armour (worn)
 c - a +1 helmet (worn)
Jewellery
 o - an amulet of regeneration (around neck)
Scrolls
 f - 3 scrolls of teleportation
 n - a scroll of enchant armour
Potions
 e - 2 potions of cancellation {unknown}
 g - 3 potions of curing {unknown}
 h - 2 potions of magic {unknown}
 i - a potion of might {unknown}
 k - a potion of attraction {unknown}
 l - a potion of heal wounds {unknown}
 m - a potion of lignification {unknown}


   Skills:
 + Level 5.3 Fighting
 + Level 7.8 Polearms
 - Level 2.0 Throwing
 + Level 3.1 Armour
 + Level 7.1 Dodging


You had 7 spell levels left.
You didn't know any spells.
Your spell library contained the following spells:

 Spells                   Type           Power      Damage    Failure   Level
 Animate Skeleton         Necr           0%         N/A       50%         1
 Magic Dart               Conj           0%         1d3       50%         1
 Pain                     Necr           0%         1d4       50%         1
 Searing Ray              Conj           0%         3d3       63%         2
 Vampiric Draining        Necr           0%         2d6       86%         3
 Fulminant Prism          Conj/Hex       0%         3d6       99%         4


Dungeon Overview and Level Annotations

Branches:
Dungeon (4/15)
 Temple: D:4-7

Altars:


Innate Abilities, Weirdness & Mutations

((You are quick and stealthy near water. (Stealth+, EV+, Speed+++)))
Your lower body shifts to a powerful aquatic tail in water.


Message History

You hit the orc warrior.
The orc warrior is severely wounded.
The orc warrior hits you with a +0 mace.
You hit the orc warrior but do no damage.
The orc warrior is severely wounded.
The orc warrior hits you with a +0 mace.
You are too injured to fight recklessly!
You are too injured to fight recklessly!
You are too injured to fight recklessly!
You are too injured to fight recklessly!
You are too injured to fight recklessly!
You are too injured to fight recklessly!
You are too injured to fight recklessly!
You are too injured to fight recklessly!
You are too injured to fight recklessly!
You are too injured to fight recklessly!
You are too injured to fight recklessly!
You are too injured to fight recklessly!
You are too injured to fight recklessly!
You are too injured to fight recklessly!
You are too injured to fight recklessly!
You are too injured to fight recklessly!
You are too injured to fight recklessly!
You barely miss the orc warrior.
The orc warrior is severely wounded.
The orc warrior hits you with a +0 mace!
* * * LOW HITPOINT WARNING * * *
Unknown command.
You closely miss the orc warrior.
The orc warrior is severely wounded.
The orc warrior hits you with a +0 mace!
* * * LOW HITPOINT WARNING * * *
You barely miss the orc warrior.
The orc warrior is severely wounded.
The orc warrior hits you with a +0 mace.
* * * LOW HITPOINT WARNING * * *
You hit the orc warrior.
The orc warrior is almost dead.
The orc warrior hits you with a +0 mace!
You die...

...##....#...##....#.......(...
........##...##..............#
..#.................##).....##
..#..##.............##hh##...##
......##...........#.....#....#
#.....#.........#..##........#
....>...........#..#.........#
................#o...###.....####
................@#...#####.#...#.
..............##.†...#.#####.....
.........................##......
.....................##...#..#...
........#......(...##.##.....#...
#.......#...##....## ..#.....##..
##.....#....##..........##..#####
##....................####.##
...####...#.##.......## ###


You could see an orc warrior.

Vanquished Creatures
  Sigmund (D:4)
  3 yaks (D:3)
  Edmund (D:3)
  A scorpion (D:4)
  An iguana (D:4)
  7 adders
  An adder skeleton (D:2)
  2 worms
  A dart slug (D:1)
  3 orcs
  5 ball pythons
  8 bats
  8 endoplasms
  6 goblins
  7 hobgoblins
  10 jackals
  A quokka (D:4)
  3 frilled lizards
  4 kobolds
  6 rats
79 creatures vanquished.

Vanquished Creatures (others)
  5 plants (D:3)
5 creatures vanquished.

Grand Total: 84 creatures vanquished

Notes
Turn   | Place    | Note
-------+----------+-------------------------------------------
     0 | D:1      | Demosthentine the Merfolk Gladiator began the quest for the
                  | Orb.
     0 | D:1      | Reached XP level 1. HP: 16/16 MP: 1/1
   359 | D:1      | Reached XP level 2. HP: 17/23 MP: 2/2
   689 | D:1      | You fall into a shaft and drop 1 floor!
   919 | D:1      | Reached XP level 3. HP: 28/28 MP: 3/3
  1147 | D:1      | Found a faded altar of an unknown god.
  1432 | D:2      | Reached skill level 5 in Polearms
  1432 | D:2      | Reached skill level 1 in Armour
  1527 | D:2      | You fall into a shaft and drop 2 floors!
  1786 | D:3      | Reached XP level 4. HP: 34/34 MP: 4/4
  2711 | D:4      | Reached skill level 5 in Dodging
  2711 | D:4      | Reached XP level 5. HP: 41/41 MP: 5/5
  2719 | D:4      | Noticed a yak
  2719 | D:4      | Noticed a yak
  2721 | D:4      | Noticed a yak
  2760 | D:3      | Killed a yak
  2761 | D:3      | Reached XP level 6. HP: 22/48 MP: 6/6
  2806 | D:3      | Killed a yak
  2817 | D:3      | Killed a yak
  2818 | D:3      | Reached XP level 7. HP: 36/55 MP: 7/7
  2858 | D:4      | Noticed Edmund
  2860 | D:4      | Noticed Sigmund
  2958 | D:3      | Killed Edmund
  3016 | D:4      | Killed Sigmund
  3017 | D:4      | Reached skill level 5 in Fighting
  3017 | D:4      | Reached XP level 8. HP: 27/62 MP: 8/8
  3170 | D:4      | Slain by an orc warrior

Illustrated notes

Levels and vault maps discovered:
D:1:      dpeg_arrival_castle, layout_loops_ring,
          hellmonk_ecumenical_altar_zigzags
D:2:      layout_basic
D:3:      layout_loops_cross, serial_bayou_lagoon_a, kennysheep_generic_room_13
D:4:      layout_cave_pools, kennysheep_generic_room_16, uniq_ijyb,
          uniq_sigmund, uniq_edmund

Skill      XL: |  1  2  3  4  5  6  7  8 |
---------------+-------------------------+-----
Polearms       | 5 6 7 |  7.8
Armour         | 1 2 3 |  3.1
Fighting       | 3 4 5 |  5.3
Dodging        | 5 6 7 |  7.1
Throwing       | |  2.0

Action                   |  1- 3 |  4- 6 |  7- 9 || total
-------------------------+-------+-------+-------++-------
Melee: Trident           |   114 |    98 |   123 ||   335
Throw: Throwing net      |     1 |     2 |     2 ||     5
  Use: Scroll            |     3 |     3 |       ||     6
 Stab: Sleeping          |     3 |     4 |     1 ||     8
       Held in net/web   |     1 |     1 |     1 ||     3
Armor: Leather armour    |    20 |    22 |    23 ||    65
Dodge: Dodged            |    59 |    44 |    85 ||   188

Table legend: (Time is in decaauts)
 A = Elapsed time spent in this place.
 B = Non-inter-level travel time spent in this place.
 C = Inter-level travel time spent in this place.
 D = Time resting spent in this place.
 E = Time spent auto-exploring this place.
 F = Levels seen in this place.
 G = Mean time per level.
                   A        B        C        D        E       F      G
               +--------+--------+--------+--------+--------+-----+--------+
         Total |   3144 |   3022 |    122 |    316 |   2032 |   4 |  786.0 |
       Dungeon |   3144 |   3022 |    122 |    316 |   2032 |   4 |  786.0 |
               +--------+--------+--------+--------+--------+-----+--------+

Top non-repeatable levels by time:
     D:1: 1214 daAuts
     D:3: 851 daAuts
     D:2: 711 daAuts
     D:4: 366 daAuts
